[Event "Late-Titled-Tuesday-Blitz-September-26-2023"]
[Site "Chess.com"]
[Date "2023.09.26"]
[Round "2"]
[White "emeli_chess"]
[Black "TatjanaVasilevich"]
[Result "1/2-1/2"]
[WhiteElo "2361"]
[BlackElo "2548"]
[TimeControl "180+1"]
[EndTime "14:17:54 PDT"]
[Termination "Game drawn by repetition"]

1. d4 Nf6 2. c4 e6 3. Nc3 Bb4 4. Qc2 O-O 5. e4 Bxc3+ 6. bxc3 d6 7. e5 dxe5 8. dxe5 Nfd7 9. Nf3 Nc6 10. Bf4 f6 11.
exf6 Qxf6 12. Be3 Nde5 13. Nxe5 Nxe5 14. Be2 Bd7 15. O-O Bc6 16. f4 Ng6 17. Bd4 e5 18.
Bxe5 Nxe5 19. fxe5 Qxe5 20. Rxf8+ Rxf8 21. Qd3 Qg5 22. Bf1 Rd8 23. Qg3 Qxg3 24. hxg3 Rd2 25. a4 a5 26. c5 Kf7 27. g4 Kf6 28. Kh2 Kg5 29.
Kg3 Rc2 30. c4 Rc3+ 31. Kh2 Kxg4 32. Be2+ Kg5 33. Rf1 Rc2 34. Bf3 Bxf3 35. Rxf3 Kg6 36.
Rb3 Rxc4 37. Rxb7 Rxc5 38. Kh3 Kf5 39. Rb8 h5 40. g3 g6 41. Rf8+ Kg5 42. Rf7 Rc4 43.
Rd7 Rxa4 44. Rxc7 Ra1 45. Rc5+ Kh6 46. Rc6 a4 47. Ra6 a3 48. g4 hxg4+ 49. Kg2 a2 50. Ra5 g3 51. Ra4 Kh5 52. Ra3 g5 53. Ra4 Kg6 54. Ra5 Kh5 55. Ra4 g4 56. Ra5+ Kh4 57. Ra4 Kg5 58. Ra5+ Kf4 59. Ra4+ Ke3 60. Ra3+ Kd2 61.
Ra8 Kd1 62. Rd8+ Ke2 63. Re8+ Kd3 64. Ra8 Kc4 65. Rc8+ Kb4 66. Rb8+ Kc5 67. Rc8+ Kb6 68. Ra8 Kb7 69. Ra3 Kb8 70. Ra4 Kc7 71. Ra3 Kc6 72. Ra4 Kd5 73. Ra8 Ke4 74. Re8+ Kf5 75. Rf8+ Kg6 76. Ra8 Kg5 77. Ra5+ Kf4 78. Ra4+ Ke3 79. Ra3+ Ke2 80. Ra8 Ke3 81. Ra3+ 1/2-1/2

[Event "Late-Titled-Tuesday-Blitz-September-26-2023"]
[Site "Chess.com"]
[Date "2023.09.26"]
[Round "2"]
[White "MaxLeto"]
[Black "KaydenTroffChess"]
[Result "0-1"]
[WhiteElo "2515"]
[BlackElo "2790"]
[TimeControl "180+1"]
[EndTime "14:17:56 PDT"]
[Termination "KaydenTroffChess won by checkmate"]

1. g4 d5 2. Bg2 c6 3. h3 g6 4. d4 Bg7 5. Nf3 Nf6 6. c3 O-O 7. Bf4 Nbd7 8. Nbd2 Re8 9. Ne5 Nxe5 10. Bxe5 Qb6 11.
b4 a5 12. a3 axb4 13. axb4 Be6 14. O-O h5 15. Bxf6 Rxa1 16. Qxa1 Bxf6 17. gxh5 gxh5 18.
e4 Qb5 19. e5 Bg7 20. f4 Bf5 21. Qd1 Qd3 22. Rf3 Qc2 23. Qxc2 Bxc2 24. f5 Ra8 25.
Kf2 Ra2 26. Ke1 Bh6 27. Rf2 Bd3 28. Nb3 Ra3 29. Rb2 Bxf5 30. Ke2 h4 31. b5 cxb5 32. Bxd5 b6 33. Kf3 Bxh3 34. Rh2 Bf5 35. Rxh4 Kg7 36. Rh2 e6 37. Rg2+ Kf8 38. Be4 Bxe4+ 39. Kxe4 Rxb3 40.
Rh2 Kg7 41. Rc2 b4 42. c4 Re3# 0-1

[Event "Late-Titled-Tuesday-Blitz-September-26-2023"]
[Site "Chess.com"]
[Date "2023.09.26"]
[Round "2"]
[White "brm72"]
[Black "Sulthankan"]
[Result "0-1"]
[WhiteElo "2489"]
[BlackElo "2327"]
[TimeControl "180+1"]
[EndTime "14:18:00 PDT"]
[Termination "Sulthankan won by checkmate"]

1. e4 c5 2. Nf3 d6 3. d4 cxd4 4.
Nxd4 Nf6 5. Nc3 a6 6. f3 e5 7. Nb3 Be6 8. Be3 Be7 9. Qd2 O-O 10.
O-O-O Nbd7 11. g4 b5 12. g5 b4 13. Ne2 Ne8 14. f4 a5 15. f5 a4 16. Nbd4 exd4 17.
Nxd4 b3 18. cxb3 axb3 19. a3 Qc7+ 20. Kb1 Nc5 21. fxe6 fxe6 22. Bg2 d5 23. exd5 Nd6 24. Nxe6 Nxe6 25. dxe6 Nc4 26. Qc1 Rxa3 27. bxa3 Nxa3+ 28. Kb2 Nc4+ 29. Kb1 Qa5 30. Rd2 Nxe3 31. Be4 Ba3 32. Rb2 Bxb2 33. Qxb2 Nc4 34. Qe2 Na3+ 35. Kb2 Qb4 36. Ra1 Nc4+ 37. Kb1 b2 38. Ra2 Nd2+ 39. Kc2 b1=Q# 0-1

[Event "Late-Titled-Tuesday-Blitz-September-26-2023"]
[Site "Chess.com"]
[Date "2023.09.26"]
[Round "2"]
[White "protectiago"]
[Black "Good_Knight_Kiss"]
[Result "0-1"]
[WhiteElo "2059"]
[BlackElo "2420"]
[TimeControl "180+1"]
[EndTime "14:18:00 PDT"]
[Termination "Good_Knight_Kiss won on time"]

1. d4 Nf6 2. c4 g6 3. Nc3 Bg7 4. e4 d6 5. Nf3 O-O 6. Be2 e5 7.
Be3 Ng4 8. Bg5 f6 9. Bh4 g5 10. Bg3 Nh6 11. dxe5 dxe5 12. Qxd8 Rxd8 13. Nd5 Rd7 14.
O-O-O Nc6 15. h4 g4 16. Nh2 Rf7 17. f4 Nd4 18. Rhe1 c6 19. Ne3 Nxe2+ 20. Rxe2 f5 21.
exf5 exf4 22. Bxf4 Nxf5 23. Rd8+ Rf8 24. Rxf8+ Kxf8 25.
Nexg4 Nxh4 26. Bd6+ Kf7 27. Re7+ Kg6 28. Re8 Nxg2 29. c5 b6 30. Nf2 Bb7 31. Rxa8 Bxa8 32. cxb6 axb6 33. Nf3 Bf6 34. Ne5+ Bxe5 35. Bxe5 c5 36.
Ng4 Kf5 37. Ne3+ Nxe3 0-1

[Event "Late-Titled-Tuesday-Blitz-September-26-2023"]
[Site "Chess.com"]
[Date "2023.09.26"]
[Round "2"]
[White "scandalgod"]
[Black "lamomiajunior"]
[Result "0-1"]
[WhiteElo "2499"]
[BlackElo "2732"]
[TimeControl "180+1"]
[EndTime "14:18:01 PDT"]
[Termination "lamomiajunior won by resignation"]

1. d4 Nf6 2. c4 e6 3. g3 d5 4. Nf3 Bb4+ 5. Bd2 a5 6. Bg2 O-O 7. Qc2 c5 8. O-O Nc6 9. dxc5 d4 10. Bg5 Bxc5 11. Nbd2 h6 12. Bxf6 Qxf6 13. Ne4 Qe7 14.
a3 e5 15. Nxc5 Qxc5 16. Nd2 Be6 17. Rfc1 f5 18. Nb3 Qd6 19. Bd5 a4 20. Nc5 Qxc5 21.
Bxe6+ Kh8 22. b4 axb3 23. Qxb3 e4 24. Bd5 Na5 25. Qb5 Qe7 26. Rab1 e3 27. f4 d3 28.
exd3 e2 29. Kf2 Rfe8 30. Qb6 Ra6 31. Qd4 Nb3 32. Rxb3 e1=Q+ 33. Rxe1 Qxe1+ 34. Kg2 Qe2+ 35. Kh3 Qh5+ 36. Kg2 Rd6 37. Rb2 b5 38. Rf2 bxc4 39.
dxc4 Red8 40. Qc5 Qd1 41. a4 Qxa4 42. Qd4 Rxd5 0-1

[Event "Late-Titled-Tuesday-Blitz-September-26-2023"]
[Site "Chess.com"]
[Date "2023.09.26"]
[Round "2"]
[White "DonJuanEGenaro"]
[Black "valemava"]
[Result "0-1"]
[WhiteElo "1867"]
[BlackElo "2407"]
[TimeControl "180+1"]
[EndTime "14:18:01 PDT"]
[Termination "valemava won on time"]

1. d4 c6 2. c4 b5 3. e4 bxc4 4.
Bxc4 d5 5. exd5 cxd5 6. Bb5+ Bd7 7. Qa4 Nf6 8. Nf3 Bxb5 9. Qxb5+ Qd7 10. Nc3 a6 11.
Qxd7+ Nbxd7 12. Ne5 e6 13. Nd3 Bd6 14. Bg5 h6 15. Bh4 Rb8 16. O-O Ne4 17. Bg3 Bxg3 18. hxg3 Nxc3 19. bxc3 Ke7 20. Rab1 Rhc8 21. Rxb8 Rxb8 22.
Rc1 Nb6 23. Ne5 Rc8 24. Rb1 f6 25. Ng6+ Kf7 26. Rxb6 Kxg6 27. Rxe6 Kf5 28. Rxa6 Rxc3 29. f3 Rc4 30. Ra7 g6 31. a4 Rxd4 32. a5 Rd2 33.
Rd7 Ke6 34. Rd8 Ra2 35. Ra8 h5 36. Ra6+ Ke5 37. f4+ Ke4 38. Rxf6 d4 39. Re6+ Kd5 40. Re8 d3 41. Rd8+ Ke4 42. Kf1 Ke3 43. Re8+ Kd2 44.
Kf2 Rxa5 45. Rd8 Ra2 46. Kf3 Ra1 47. g4 hxg4+ 48. Kxg4 Ke2 49. Kg5 Rg1 50. Kxg6 Rxg2+ 51. Kf6 Rf2 52. f5 Rf3 53. Kg6 Rg3+ 54. Kf7 d2 55. f6 Rd3 56. Re8+ Kf3 0-1

[Event "Late-Titled-Tuesday-Blitz-September-26-2023"]
[Site "Chess.com"]
[Date "2023.09.26"]
[Round "2"]
[White "vova-79"]
[Black "kuli4ik"]
[Result "1-0"]
[WhiteElo "2617"]
[BlackElo "2940"]
[TimeControl "180+1"]
[EndTime "14:18:02 PDT"]
[Termination "vova-79 won by resignation"]

1. d4 Nf6 2. c4 e6 3. Nc3 Bb4 4.
e3 O-O 5. Ne2 b6 6. a3 Be7 7. d5 e5 8. Ng3 Re8 9. Bd3 Bf8 10. O-O d6 11. b4 a5 12. Bb2 Na6 13.
Qb3 g6 14. Rac1 Bg7 15. Rfe1 Ng4 16. h3 Nh6 17. Na4 f5 18. c5 axb4 19. axb4 bxc5 20.
bxc5 Nf7 21. cxd6 cxd6 22. Bb5 Re7 23. Bc6 Rb8 24. Qa3 e4 25. Bxg7 Kxg7 26. Nb2 Nc5 27.
Rb1 Ne5 28. Qc3 Rb3 29. Qd4 Qb6 30. Nc4 Qb4 31. Nxe5 Qxd4 32. exd4 Rxb1 33. Rxb1 Nd3 34. Nc4 Ba6 35. Nxd6 e3 36. fxe3 Rxe3 37. Kh2 f4 38.
Nge4 Re2 39. Kg1 f3 40. gxf3 Nf4 41. Bb5 Bxb5 42. Rxb5 Nxh3+ 43. Kf1 Nf4 44. Rb7+ Kh6 45. Nf7+ Kg7 46. Ne5+ Kf8 47. Rxh7 Ra2 48. d6 Ra4 49.
Rf7+ Kg8 50. Rxf4 Rc4 51. d7 1-0

[Event "Late-Titled-Tuesday-Blitz-September-26-2023"]
[Site "Chess.com"]
[Date "2023.09.26"]
[Round "2"]
[White "Mbneu"]
[Black "Haykoooo0o"]
[Result "0-1"]
[WhiteElo "2247"]
[BlackElo "2469"]
[TimeControl "180+1"]
[EndTime "14:18:03 PDT"]
[Termination "Haykoooo0o won by resignation"]

1. d4 d5 2. c4 c6 3. Nc3 Nf6 4. Nf3 e6 5. g3 Nbd7 6. Bg2 Be7 7. O-O O-O 8. Bf4 b6 9. Ne5 Bb7 10. cxd5 Nxd5 11. Nxd5 cxd5 12. Rc1 Nxe5 13. Bxe5 Rc8 14. Qb3 Qd7 15. Qd3 Rxc1 16. Rxc1 Rc8 17. Rc2 Ba6 18. Qd1 Rc6 19. e4 Rxc2 20. Qxc2 Bb7 21. exd5 Bxd5 22. Bxd5 exd5 23. Kg2 f6 24. Bf4 g6 25. a4 Kf7 26.
b3 Qe6 27. f3 Qd7 28. Qd3 Qc6 29. Qb5 Qc2+ 30. Kh3 Qf5+ 31. Kg2 g5 32. Be3 h5 33.
Qc6 g4 34. f4 Qe4+ 35. Kf1 Qxe3 36. Qxd5+ Kg7 37. Qxh5 Qf3+ 38. Kg1 Qd1+ 39. Kg2 Qd2+ 40. Kf1 Qd3+ 41. Kg2 f5 42. Qe8 Qe4+ 43. Kf1 Qf3+ 44. Kg1 Qe3+ 45. Kg2 Qe4+ 46. Kf1 Qh1+ 47. Ke2 Qxh2+ 48.
Kd3 Qxg3+ 49. Kc4 Qe3 50. Qd7 Qe2+ 51. Kd5 Kf6 52. Qc6+ Kf7 53. Qd7 Qe4+ 54. Kc4 Qe6+ 55. Qxe6+ Kxe6 0-1

[Event "Late-Titled-Tuesday-Blitz-September-26-2023"]
[Site "Chess.com"]
[Date "2023.09.26"]
[Round "2"]
[White "iulik86"]
[Black "esrosenberg"]
[Result "1-0"]
[WhiteElo "2633"]
[BlackElo "2369"]
[TimeControl "180+1"]
[EndTime "14:18:04 PDT"]
[Termination "iulik86 won by resignation"]

1. e4 e5 2. Nf3 Nc6 3. Bb5 Nf6 4. d3 Ne7 5. Ba4 c6 6. Bb3 d6 7. d4 Bg4 8. dxe5 Bxf3 9. Qxf3 dxe5 10. h4 h5 11. Bg5 Ng6 12. Nd2 Be7 13. O-O-O Qc7 14. Nc4 O-O 15. Ne3 a5 16. a3 a4 17. Ba2 b5 18. Nf5 b4 19. Bxf6 Bxf6 20. axb4 a3 21. bxa3 c5 22. Qxh5 Rxa3 23. Bd5 Nf4 24. Qg4 Nxd5 25.
exd5 cxb4 26. Qxb4 Rfa8 27. Kd2 e4 28. d6 Bc3+ 29.
Ke2 Qd7 30. Qxe4 Re8 31. Ne7+ Kf8 32. Rh3 Ra4 33. Qh7 Rxe7+ 34. dxe7+ Qxe7+ 35. Kf1 f6 36. Rxc3 1-0

[Event "Late-Titled-Tuesday-Blitz-September-26-2023"]
[Site "Chess.com"]
[Date "2023.09.26"]
[Round "2"]
[White "ejalmedina"]
[Black "Lady_Nika"]
[Result "0-1"]
[WhiteElo "2314"]
[BlackElo "2505"]
[TimeControl "180+1"]
[EndTime "14:18:06 PDT"]
[Termination "Lady_Nika won on time"]

1. d4 d5 2. c4 e6 3. Nc3 f5 4.
cxd5 exd5 5. Bf4 c6 6. e3 Nf6 7. Bd3 Bd6 8. Bxd6 Qxd6 9. f4 Qe7 10. Qe2 Ng4 11. Nd1 O-O 12. Nf3 Be6 13. h3 Nf6 14. Nc3 Nbd7 15. O-O Ne4 16. Bxe4 fxe4 17. Ne5 Nxe5 18.
fxe5 b6 19. a3 c5 20. Nb5 h6 21. Nd6 Qg5 22. Kh2 a6 23. Rac1 c4 24. a4 Bd7 25.
a5 bxa5 26. Rxf8+ Rxf8 27. Ra1 a4 28. Ra3 Rb8 29. Ra1 Rf8 30. Rc1 h5 31. Re1 h4 32. Kh1 Qg3 33. Rf1 Rb8 34. Qf2 Qxf2 35. Rxf2 Be6 36. Re2 Rb3 37. Kh2 a3 38. bxa3 Rxa3 39. Nb7 Bd7 40. Nc5 Bb5 41. Rf2 Rxe3 42. e6 c3 43. e7 Re1 0-1

[Event "Late-Titled-Tuesday-Blitz-September-26-2023"]
[Site "Chess.com"]
[Date "2023.09.26"]
[Round "2"]
[White "AleksanderHnydiuk"]
[Black "Mikhail_Bryakin"]
[Result "0-1"]
[WhiteElo "2548"]
[BlackElo "2846"]
[TimeControl "180+1"]
[EndTime "14:18:07 PDT"]
[Termination "Mikhail_Bryakin won by resignation"]

1. d4 d6 2. Nf3 Bg4 3. c4 c6 4.
Nc3 Bxf3 5. exf3 e6 6. d5 Nf6 7. g3 Be7 8. Bh3 cxd5 9. cxd5 e5 10. O-O O-O 11. f4 Nbd7 12. Re1 Re8 13. Be3 a6 14. Qb3 Qb8 15. Rac1 b5 16. a4 exf4 17. Bxf4 Nc5 18. Qd1 b4 19. Ne2 Qb7 20. Nd4 Bf8 21. Rxe8 Rxe8 22. Nc6 b3 23. a5 h6 24. Be3 Nfd7 25. Bd4 g6 26. Qf3 Bg7 27. Bxg7 Kxg7 28. Qc3+ Nf6 29.
Bg2 Re2 30. Qd4 Qd7 31. Bf3 Rc2 32. Re1 Qf5 33. Kg2 Nd3 34. Re7 Rxf2+ 35. Qxf2 Nxf2 36.
Nd8 h5 37. Rxf7+ Kh6 38. Re7 Qc2 39. Nf7+ Kg7 40. Ng5+ Kg8 41. Re2 Qf5 42. Rxf2 Qxg5 43. Re2 Kf8 0-1

[Event "Late-Titled-Tuesday-Blitz-September-26-2023"]
[Site "Chess.com"]
[Date "2023.09.26"]
[Round "2"]
[White "angryspacevoid"]
[Black "jinxy2009"]
[Result "1-0"]
[WhiteElo "2502"]
[BlackElo "2300"]
[TimeControl "180+1"]
[EndTime "14:18:07 PDT"]
[Termination "angryspacevoid won by resignation"]

1. e4 c6 2. d4 d5 3. Nc3 dxe4 4. Nxe4 Nf6 5. Nxf6+ exf6 6. c3 Bd6 7. Bd3 O-O 8.
Qc2 Re8+ 9. Ne2 h5 10. O-O h4 11. h3 Nd7 12. Bf4 Nf8 13. Qd2 Ng6 14. Bxd6 Qxd6 15. Rfe1 Bd7 16. Bxg6 fxg6 17. Qf4 Qxf4 18. Nxf4 g5 19. Nd3 b6 20. f3 Kf7 21. Kf2 Bf5 22.
Rad1 Re7 23. Nb4 Bd7 24. d5 c5 25. Nc6 Rxe1 26. Kxe1 Rc8 27. c4 Rc7 28. Nb8 Rb7 29. Nc6 Rc7 30. Nb8 Rb7 31. Nxd7 Rxd7 32. Kf2 Rd6 33. a3 a5 34. Ke3 f5 35. b4 axb4 36. axb4 cxb4 37. Kd4 Ke7 38. Rb1 Kd7 39.
Ke5 g6 40. Rxb4 Kc7 41. Ra4 Rd8 42. Ra7+ Kb8 43. Rg7 Re8+ 44. Kd6 Rc8 45. Ke7 Rxc4 46. d6 Rc1 47. d7 Re1+ 48. Kd6 Rd1+ 49. Kc6 b5 50.
Rg8+ Ka7 51. d8=Q Rxd8 52. Rxd8 b4 53. Rd4 1-0

[Event "Late-Titled-Tuesday-Blitz-September-26-2023"]
[Site "Chess.com"]
[Date "2023.09.26"]
[Round "2"]
[White "gordonzyxu"]
[Black "GreatOwl02"]
[Result "0-1"]
[WhiteElo "2153"]
[BlackElo "2448"]
[TimeControl "180+1"]
[EndTime "14:18:07 PDT"]
[Termination "GreatOwl02 won on time"]

1. e4 e5 2. Nf3 Nc6 3. Bb5 a6 4. Ba4 g6 5. c3 Bg7 6. d4 b5 7.
Bb3 d6 8. O-O Na5 9. Bc2 Ne7 10.
a4 Bb7 11. Bg5 h6 12. Bh4 O-O 13. Nbd2 Re8 14. Re1 exd4 15. cxd4 c5 16. Nb3 Nxb3 17. Bxb3 c4 18. Bc2 Qc7 19. Qd2 Nc6 20. Bg3 Rad8 21. h4 Qb6 22. Rad1 b4 23. Bf4 Kh7 24. h5 b3 25. hxg6+ fxg6 26. Bb1 Qb4 27. Qe3 Ne7 28.
Nh4 Nd5 29. Qg3 Nxf4 30. Qxf4 Rf8 31. Qg3 Rf6 32. e5 dxe5 33. Nxg6 e4 34. Ne5 Rdf8 35. d5 Bxd5 36. Bxe4+ Bxe4 37. Rxe4 Rxf2 38. Qg6+ Kg8 39.
Qe6+ Kh7 40. Ng6 R8f6 41. Qe8 Qb6 42. Re3 Re2 0-1

[Event "Late-Titled-Tuesday-Blitz-September-26-2023"]
[Site "Chess.com"]
[Date "2023.09.26"]
[Round "2"]
[White "karinachess1"]
[Black "BillieKimbah"]
[Result "1-0"]
[WhiteElo "2627"]
[BlackElo "2969"]
[TimeControl "180+1"]
[EndTime "14:18:08 PDT"]
[Termination "karinachess1 won on time"]

1. d4 d5 2. c4 e6 3. Nc3 Bb4 4. a3 Bxc3+ 5. bxc3 c6 6. e3 Nf6 7. Bd3 O-O 8. Qc2 b6 9. Nf3 Ba6 10.
cxd5 Bxd3 11. Qxd3 cxd5 12. c4 dxc4 13. Qxc4 Qc8 14.
Qd3 Qb7 15. O-O Nbd7 16. Bd2 Rfc8 17. Rfc1 h6 18. h3 Qd5 19. Qa6 Rd8 20. Rc7 Nb8 21.
Qd3 Ne8 22. Rc2 Nd7 23. Rac1 Qb7 24. Qb5 Rac8 25. Rc6 Nb8 26. Rxc8 Rxc8 27. Ne5 Nd6 28. Qb1 Nd7 29. Nd3 Nc4 30. Be1 Nxa3 31. Qb3 Rxc1 32. Nxc1 Qa6 33. Nd3 Nc4 34. Qc2 b5 35. Bb4 Qa4 36.
Qc3 a5 37. Be7 Qd1+ 38. Kh2 Qd2 39. Qb3 1-0

[Event "Late-Titled-Tuesday-Blitz-September-26-2023"]
[Site "Chess.com"]
[Date "2023.09.26"]
[Round "2"]
[White "Inepton_Fermion"]
[Black "GothamChess"]
[Result "0-1"]
[WhiteElo "2362"]
[BlackElo "2703"]
[TimeControl "180+1"]
[EndTime "14:18:10 PDT"]
[Termination "GothamChess won by resignation"]

1. Nf3 b6 2. b3 Bb7 3. Bb2 e6 4. g3 f5 5. Bg2 Nf6 6. O-O g6 7. c4 Bg7 8. d3 O-O 9. Nc3 d6 10. Qc2 Qe7 11. d4 Na6 12. a3 Rab8 13. Rfe1 Ne4 14.
Nd2 Nxd2 15. Qxd2 Bxg2 16. Kxg2 c5 17. d5 e5 18. e4 f4 19. f3 h5 20. Ne2 Bh6 21. Qd3 Rf7 22. Bc1 Rbf8 23. gxf4 Qh4 24. Be3 exf4 25. Bf2 Qg5+ 26. Kh1 Bg7 27. Rg1 Qh6 28.
Rab1 g5 29. Rg2 Kh8 30. Rbg1 Bf6 31. Be1 Rg8 32. Bc3 Rfg7 33. Bxf6 Qxf6 34. Qc3 Qxc3 35. Nxc3 Nc7 36. h3 Kh7 37. Kh2 Ne8 38. Nb5 a6 39.
Nc3 Nf6 40. Rf2 Nd7 41. Rgf1 Ne5 42. Nb1 b5 43. Nd2 Rb7 44. Rg1 Kh6 45. Rfg2 bxc4 46. bxc4 Rb2 47. Rf2 Rxd2 48. Rfg2 Nxf3+ 49. Kh1 Rxg2 50. Rxg2 Rb8 51. Rf2 g4 52. hxg4 hxg4 53. Ra2 Kg6 54. Kg2 Kf6 55. a4 Ke5 56. a5 Kxe4 57. Re2+ Kd4 58.
Re8 0-1

[Event "Late-Titled-Tuesday-Blitz-September-26-2023"]
[Site "Chess.com"]
[Date "2023.09.26"]
[Round "2"]
[White "Willychess95"]
[Black "falzehope0"]
[Result "1-0"]
[WhiteElo "2702"]
[BlackElo "2349"]
[TimeControl "180+1"]
[EndTime "14:18:10 PDT"]
[Termination "Willychess95 won by resignation"]

1. e4 d5 2. e5 c5 3. f4 Nh6 4. Nf3 Bg4 5. Be2 Nc6 6. d3 Nf5 7. c3 e6 8. O-O Qb6 9. b3 Be7 10. h3 Bxf3 11. Bxf3 g6 12. Na3 h5 13. Nc2 Qa5 14. Bd2 Qa6 15. c4 d4 16. Be4 Ng3 17.
Re1 Nxe4 18. Rxe4 Bh4 19. a3 Be7 20. b4 Qb6 21. b5 Nb8 22. a4 Qd8 23. a5 Nd7 24.
Be1 Rc8 25. Na3 Kf8 26. Nb1 Kg7 27. Nd2 Qc7 28. Qf3 Rcg8 29. Re2 Kf8 30. a6 b6 31. Qb7 Bd8 32. Ne4 Kg7 33. Bh4 Kh6 34. Bg5+ Kh7 35. Bxd8 Qxd8 36. Qxd7 Qxd7 37. Nf6+ Kg7 38.
Nxd7 Rd8 39. Nf6 Rc8 40. Kf2 Rcd8 41. h4 Rc8 42. Kf3 Rcd8 43. Rg1 Kf8 44. g4 hxg4+ 45. Rxg4 Ke7 46. Rh2 Rh6 47. h5 Rdh8 48. Rhh4 gxh5 49.
Rg5 Kf8 50. Rgxh5 Rxh5 51. Rxh5 Rxh5 52. Nxh5 Ke7 53. Nf6 Kf8 54. Nd7+ Ke7 55. Nxb6 Kd8 56. Na4 Kc7 57. Nxc5 Kc8 58. Nb3 Kb8 59. Nxd4 Kc8 60. Kg4 Kc7 61. c5 Kc8 62. Kg5 Kc7 63. Kf6 Kc8 64.
b6 axb6 65. cxb6 Kb8 66. Nc6+ Kc8 67. Ke7 f5 68. exf6 e5 69. f7 1-0

[Event "Late-Titled-Tuesday-Blitz-September-26-2023"]
[Site "Chess.com"]
[Date "2023.09.26"]
[Round "2"]
[White "Nf3c5"]
[Black "micke12a"]
[Result "1-0"]
[WhiteElo "2592"]
[BlackElo "2362"]
[TimeControl "180+1"]
[EndTime "14:18:11 PDT"]
[Termination "Nf3c5 won on time"]

1. e4 c5 2. Nf3 d6 3. Nc3 Nf6 4. e5 dxe5 5. Nxe5 Nbd7 6. d4 cxd4 7. Qxd4 e6 8. Nc4 Bc5 9. Qh4 O-O 10. Bd3 Nb6 11. Bg5 h6 12. Bxh6 gxh6 13. Qxh6 Nxc4 14. O-O-O Qb6 15. b3 Be3+ 16. fxe3 Qxe3+ 17. Qxe3 Nxe3 18. Rde1 Ned5 19. Ne2 Bd7 20. Rhf1 Kg7 21. Rf3 Rg8 22. Ref1 Rac8 23. a3 b5 24. Kb2 a5 25. c4 bxc4 26.
bxc4 Be8 27. cxd5 Nxd5 28. Nd4 Ra8 29. Rg3+ Kh8 30. Rh3+ Kg7 31. Rh7+ Kf8 32. Nxe6+ Ke7 33. Nd4 Rb8+ 34. Ka1 Rxg2 35. Re1+ Kd6 36. Nf5+ Kc5 37. Be4 Nc3 38. Bxg2 Bd7 39. Ne3 Be6 40. Rh5+ Kd4 41. Rh4+ Kd3 42. Bf1+ Kd2 43. Ng2 Bb3 44. Rd4+ Kc2 45.
Bd3+ Kd2 46. Bf1+ Kc2 47. Rf4 1-0

[Event "Late-Titled-Tuesday-Blitz-September-26-2023"]
[Site "Chess.com"]
[Date "2023.09.26"]
[Round "2"]
[White "Dhaydon19"]
[Black "JG-17"]
[Result "1-0"]
[WhiteElo "2745"]
[BlackElo "2504"]
[TimeControl "180+1"]
[EndTime "14:18:13 PDT"]
[Termination "Dhaydon19 won by resignation"]

1. d4 d5 2. Nc3 Nf6 3. Bf4 c6 4. e3 Bf5 5. Bd3 Bxd3 6. cxd3 e6 7. g4 h6 8. h4 Bd6 9. Qf3 Bxf4 10. Qxf4 Nbd7 11. Nge2 Qe7 12. O-O-O e5 13. dxe5 Qxe5 14. g5 Nh5 15. Qg4 g6 16. Nd4 O-O-O 17. Kb1 Kb8 18.
a4 a5 19. Nb3 Qc7 20. Rc1 Ne5 21. Qd4 Nf3 22. Qg4 Ne5 23. Qe2 Qb6 24. Ka2 hxg5 25. hxg5 Rde8 26. Rh4 Ng7 27. Rch1 Rxh4 28. Rxh4 Nf5 29.
Rf4 Nd7 30. Qc2 Nc5 31. Nxc5 Qxc5 32. Qb3 d4 33. Ne4 Qe7 34. exd4 Nxd4 35. Qxf7 Ne6 36. Qxe7 Rxe7 37. Rf6 Ka7 38. Rxg6 Nf4 39. Rd6 Kb6 40. f3 Kc7 41. Rf6 Nxd3 42. g6 Kd8 43. Rf8+ Kd7 44. Nf6+ Ke6 45. Nh5 Kd7 46. g7 b5 47. Kb3 Re3 48. Kc2 Nb4+ 49. Kd2 Rb3 50. g8=Q Rxb2+ 51. Ke1 Rb1+ 52. Kf2 Nd3+ 53. Ke3 Re1+ 54. Kxd3 Rd1+ 55.
Ke2 1-0

[Event "Late-Titled-Tuesday-Blitz-September-26-2023"]
[Site "Chess.com"]
[Date "2023.09.26"]
[Round "2"]
[White "MKlose11"]
[Black "vugarrasulov"]
[Result "1-0"]
[WhiteElo "2620"]
[BlackElo "2943"]
[TimeControl "180+1"]
[EndTime "14:18:14 PDT"]
[Termination "MKlose11 won by resignation"]

1. e4 c5 2. Nc3 e6 3. g3 d5 4. Bg2 Nf6 5. d3 Nc6 6. Nge2 Be7 7. O-O O-O 8. h3 Rb8 9. exd5 Nxd5 10. Nxd5 exd5 11. d4 Be6 12. Bf4 Rc8 13. Be3 Qb6 14.
b3 Rfe8 15. c3 cxd4 16. Nxd4 Bc5 17. Rc1 Nxd4 18. Bxd4 Bxd4 19. Qxd4 Qxd4 20. cxd4 Kf8 21.
Rfe1 b6 22. h4 Red8 23. Bf1 Ke7 24. Ba6 Rxc1 25. Rxc1 Kd6 26. f3 h6 27. Kf2 g5 28.
hxg5 hxg5 29. Rh1 Rd7 30. Rh5 Rc7 31. Bd3 g4 32. f4 Rc1 33. f5 Bd7 34. Ke3 Ra1 35.
Rh2 a5 36. Rd2 b5 37. Kf4 b4 38. Kxg4 a4 39. bxa4 Bxa4 40. Kg5 Ke7 41. g4 Rg1 42. Bc2 Bb5 43. Bb3 Bc4 44. Rc2 Bxb3 45. Re2+ Kf8 46. axb3 Rd1 47. Kf6 Rxd4 48. Ra2 Ke8 49. g5 Rf4 50.
Ra8+ Kd7 51. Ra7+ Kd6 52. Rxf7 d4 53. Rf8 Kd7 54. Rf7+ Kd6 55. g6 d3 56. Ra7 Kd5 57. g7 Rg4 58. Kf7 Ke4 59. f6 d2 60. Rd7 Ke3 61.
g8=Q Rxg8 62. Kxg8 1-0

[Event "Late-Titled-Tuesday-Blitz-September-26-2023"]
[Site "Chess.com"]
[Date "2023.09.26"]
[Round "2"]
[White "dcremisi"]
[Black "Rodalquilar"]
[Result "1/2-1/2"]
[WhiteElo "2519"]
[BlackElo "2748"]
[TimeControl "180+1"]
[EndTime "14:18:18 PDT"]
[Termination "Game drawn by agreement"]

1. d4 d5 2. c4 e6 3. Nc3 a6 4. cxd5 exd5 5. Bf4 Nf6 6. e3 c5 7. dxc5 Bxc5 8. Nf3 O-O 9. Bd3 Nc6 10. O-O d4 11.
exd4 Nxd4 12. Nxd4 Bxd4 13. Qc2 Bxc3 14. bxc3 h6 15.
Rab1 b5 16. c4 Be6 17. cxb5 axb5 18. Rxb5 Rxa2 19. Qb1 Ra3 20. Bf5 Nd5 21. Rb8 Qe7 22. Rxf8+ Qxf8 23. Bxe6 Nxf4 24. Bc4 Qa8 25. f3 Rc3 26.
Bxf7+ Kh8 27. Re1 Rc8 28. Qf5 Qb8 29. Kh1 Rf8 30. g3 Qb4 31. Qe4 Qxe4 32. Rxe4 Nh3 33.
Re7 Ng5 34. Bd5 Nxf3 35. h4 Nd4 36. Kg2 Nf5 37. Re5 g6 38. Be4 Kg7 39. Re6 Rf7 40. Kh3 Nd4 41. Rxg6+ Kf8 42. Rxh6 Ne2 43. Rh8+ Ke7 44.
Rh7 Ng1+ 45. Kg2 Ne2 46. Rxf7+ Kxf7 47. Kf3 Nxg3 48. Kxg3 Kg7 49. Kg4 Kh8 1/2-1/2

[Event "Late-Titled-Tuesday-Blitz-September-26-2023"]
[Site "Chess.com"]
[Date "2023.09.26"]
[Round "2"]
[White "hansen"]
[Black "Saif_Malek04"]
[Result "1-0"]
[WhiteElo "2935"]
[BlackElo "2591"]
[TimeControl "180+1"]
[EndTime "14:18:19 PDT"]
[Termination "hansen won by checkmate"]

1. c4 c6 2. e4 d6 3. d4 Nd7 4.
Nc3 e5 5. Be3 Ngf6 6. f3 Qc7 7.
Qd2 Be7 8. Nge2 b6 9. Ng3 Bb7 10. Nf5 Bf8 11. Rd1 O-O-O 12. dxe5 dxe5 13. Nd6+ Bxd6 14. Qxd6 Qxd6 15. Rxd6 Nb8 16. Rd2 Rxd2 17. Kxd2 Rd8+ 18. Kc2 Nbd7 19. c5 b5 20. a4 a6 21. b4 Nf8 22.
Be2 Ne6 23. Kb2 Nd4 24. Bd1 Kc7 25. h4 Bc8 26. g4 Ne6 27. h5 Nf4 28. Bxf4 exf4 29.
Ne2 bxa4 30. Nxf4 Rd2+ 31. Kc3 Ra2 32. h6 g6 33. Nh3 a3 34. Bb3 Re2 35. Ng5 Re3+ 36.
Kc2 Re2+ 37. Kd3 Rb2 38. Kc3 Re2 39. Bxf7 Re3+ 40. Kd2 Nxg4 41. fxg4 Rg3 42. Nxh7 a2 43. Bxa2 Rg2+ 44. Ke3 Rxa2 45. Ng5 Ra3+ 46. Kf4 Ra1 47. Rxa1 Be6 48. Nxe6+ Kd7 49. Ng5 Ke7 50. h7 a5 51.
h8=Q a4 52. Qg7+ Kd8 53. Rh1 Kc8 54. Rh8# 1-0

[Event "Late-Titled-Tuesday-Blitz-September-26-2023"]
[Site "Chess.com"]
[Date "2023.09.26"]
[Round "2"]
[White "PepeCuenca"]
[Black "RCone"]
[Result "1/2-1/2"]
[WhiteElo "2698"]
[BlackElo "2410"]
[TimeControl "180+1"]
[EndTime "14:18:19 PDT"]
[Termination "Game drawn by repetition"]

1. c4 d6 2. Nc3 g6 3. g3 Bg7 4. Bg2 e5 5. e4 Nc6 6. Nge2 h5 7. h4 Bg4 8. f3 Be6 9. d3 Qd7 10. O-O f5 11. Nd5 Nd4 12. Nxd4 exd4 13. Nf4 fxe4 14.
fxe4 Ne7 15. Nxe6 Qxe6 16. Kh2 Rf8 17. Bf4 Nc6 18. Bh3 Qe7 19. Qa4 Bf6 20. b4 Kd8 21. Bh6 Rf7 22. Bf4 Ne5 23. Bxe5 dxe5 24. Qb5 c6 25. Qa5+ b6 26. Qa4 Kc7 27. Rf3 Bg7 28. Raf1 Rxf3 29. Rxf3 a5 30. b5 c5 31. Qd1 Rf8 32. Qf1 Rxf3 33. Qxf3 Qf6 34. Qxf6 Bxf6 35. Be6 g5 36. Kh3 gxh4 37. gxh4 Kd6 38. Bf7 Bg7 39. Bxh5 Ke6 40. Kg4 Bh6 41. Be8 Kf6 42. Kh5 Be3 43.
Bd7 Bf4 44. Bf5 Be3 45. a4 Bf4 46. Bh3 Be3 47. Kg4 Bf2 48. Kh5 Be3 49. Bf5 Bf2 50. Kg4 Be3 51. Kh5 1/2-1/2